General information
- name: BNet
- type: Ladder 1vs1/FFA
- host: Battle.net
- saver: 7.12
map: TwistedMeadows
- players: 2
- length: 29:23
- speed: Fast
- version: 1.24 W3XP
- replay type: Public
» download(81 KB)
Players
team 1 (winner)
7.12 (
red | 61 APM | 1801 actions | 29:23)
5 Blademaster
2 Wind Walk
3 Critical Strike
4 Tauren Chieftain
2 Shockwave
2 Endurance Aura
3 Shadow Hunter
2 Healing Wave
1 Hex
» actions
| Assign group hotkey | 49 | |
| Basic commands | 145 | |
| Build / train | 83 | |
| ESC pressed | 2 | |
| Enter build submenu | 39 | |
| Enter hero's abilities submenu | 12 | |
| Give item / drop item | 4 | |
| Right click | 703 | |
| Select / deselect | 336 | |
| Select group hotkey | 294 | |
| Use ability | 133 | |
1801 total
» units
| Peon | 13 | |
| Wind Rider | 3 | |
| Troll Batrider | 5 | |
| Goblin Shredder | 1 | |
| Troll Witch Doctor | 3 | |
| Raider | 2 | |
| Spirit Walker | 1 | |
| Kodo Beast | 1 | |
29 total
» upgrades
| Witch Doctor Training | 2 | |
| Ranged Weapons | 2 | |
| Armor | 3 | |
| Envenomed Spears | 1 | |
| Liquid Fire | 1 | |
| Ensnare | 1 | |
| Pillage | 1 | |
| Reinforced Defenses | 1 | |
| Shaman Training | 2 | |
| Spirit Walker Training | 1 | |
15 total
» buildings
| Altar of Storms | 1 | |
| Orc Burrow | 9 | |
| Voodoo Lounge | 2 | |
| War Mill | 1 | |
| Stronghold | 1 | |
| Watch Tower | 15 | |
| Beastiary | 3 | |
| Spirit Lodge | 1 | |
| Great Hall | 3 | |
| Fortress | 1 | |
37 total
» build order
00:05 Altar of Storms
00:18 Orc Burrow
00:45 Voodoo Lounge
01:15 War Mill
01:38 Orc Burrow
03:12 Stronghold
03:33 Watch Tower
03:51 Watch Tower
03:59 Watch Tower
04:02 Watch Tower
04:06 Watch Tower
04:09 Orc Burrow
05:36 Beastiary
05:37 Beastiary
06:26 Watch Tower
06:34 Watch Tower
07:49 Orc Burrow
08:02 Spirit Lodge
08:25 Orc Burrow
10:38 Great Hall
10:42 Watch Tower
10:43 Watch Tower
10:58 Orc Burrow
13:12 Watch Tower
13:13 Watch Tower
13:28 Fortress
14:50 Orc Burrow
14:52 Watch Tower
14:56 Watch Tower
14:56 Watch Tower
14:58 Watch Tower
15:26 Orc Burrow
17:18 Beastiary
17:34 Voodoo Lounge
22:22 Great Hall
22:25 Great Hall
26:40 Orc Burrow
» items
| Healing Salve | 7 | |
| Lesser Clarity Potion | 5 | |
| Boots of Speed | 1 | |
| Potion of Healing | 3 | |
| Scroll of Speed | 1 | |
| Orb of Lightning | 1 | |
| Periapt of Vitality | 1 | |
| Staff of Teleportation | 1 | |
| Potion of Lesser Invulnerability | 1 | |
21 total
team 2 (loser)
manysea (
purple | 36 APM | 1062 actions | 29:20)
1 Blood Mage
1 Flame Strike
2 Mountain King
1 Storm Bolt
1 Thunder Clap
» actions
| Assign group hotkey | 7 | |
| Build / train | 87 | |
| Enter build submenu | 39 | |
| Enter hero's abilities submenu | 3 | |
| Remove unit from queue | 5 | |
| Right click | 428 | |
| Select / deselect | 365 | |
| Select group hotkey | 67 | |
| Use ability | 61 | |
1062 total
» units
| Peasant | 12 | |
| Rifleman | 8 | |
| Spell Breaker | 4 | |
| Flying Machine | 11 | |
| Mortar Team | 1 | |
| Siege Engine | 3 | |
| Knight | 5 | |
| Dragonhawk Rider | 3 | |
47 total
» upgrades
| Masonry | 1 | |
| Lumber Harvesting | 1 | |
| Long Rifles | 1 | |
| Magic Sentry | 1 | |
| Flying Machine Bombs | 1 | |
| Flak Cannons | 1 | |
| Plating | 3 | |
| Swords | 1 | |
| Animal War Training | 1 | |
11 total
» buildings
| Altar of Kings | 1 | |
| Farm | 9 | |
| Scout Tower | 14 | |
| Arcane Vault | 1 | |
| Lumber Mill | 1 | |
| Arcane Tower | 2 | |
| Guard Tower | 11 | |
| Keep | 1 | |
| Blacksmith | 1 | |
| Barracks | 1 | |
| Arcane Sanctum | 1 | |
| Workshop | 2 | |
| Castle | 1 | |
| Town Hall | 1 | |
| Gryphon Aviary | 2 | |
49 total
» build order
00:02 Altar of Kings
00:05 Farm
00:29 Scout Tower
00:42 Arcane Vault
01:04 Lumber Mill
01:10 Farm
01:19 Farm
02:15 Arcane Tower
02:18 Scout Tower
02:30 Farm
03:19 Guard Tower
03:19 Guard Tower
03:26 Scout Tower
03:27 Keep
03:54 Scout Tower
03:57 Scout Tower
04:00 Guard Tower
04:07 Blacksmith
04:30 Guard Tower
04:34 Guard Tower
05:28 Barracks
05:35 Farm
05:41 Scout Tower
06:11 Guard Tower
06:18 Arcane Sanctum
06:26 Workshop
06:50 Castle
08:39 Farm
08:49 Farm
10:13 Farm
10:16 Farm
14:44 Workshop
18:05 Town Hall
19:08 Scout Tower
19:14 Scout Tower
19:38 Arcane Tower
19:47 Scout Tower
19:53 Scout Tower
20:20 Guard Tower
20:21 Guard Tower
20:53 Scout Tower
20:56 Scout Tower
21:33 Guard Tower
21:45 Scout Tower
22:19 Gryphon Aviary
22:22 Gryphon Aviary
23:30 Guard Tower
25:37 Scout Tower
27:22 Guard Tower
» items
| Lesser Clarity Potion | 2 | |
| Boots of Speed | 1 | |
| Staff of Teleportation | 1 | |
| Scroll of Regeneration | 1 | |
5 total
Chat log
(00:47 / All) manysea: gl hf
(00:52 / All) 7.12: glhf
(03:09 / All) 7.12: hows your harass going?
(03:14 / All) manysea: good
(04:52 / All) 7.12: you having trouble flamestriking?
(05:03 / All) manysea: yup seems they nerfed it
(05:10 / All) 7.12: nerf = not function?
(05:11 / All) manysea: havent played in ages
(05:57 / All) 7.12: you planning to perch me?
(05:59 / All) 7.12: jw
(06:00 / All) manysea: yes
(06:03 / All) 7.12: cool
(06:18 / All) 7.12: i love perching with hu
(06:29 / All) 7.12: whats the barracks for?
(06:34 / All) manysea: your mom
(06:39 / All) 7.12: she appreciates it
(07:32 / All) 7.12: yay booties
(07:56 / All) 7.12: may i suggest invisible mortars?
(08:11 / All) manysea: fly into my towers plz
(08:17 / All) 7.12: not yet
(12:45 / All) 7.12: your guys died.
(23:15 / All) manysea: gg
(23:19 / All) 7.12: lol
(23:21 / All) manysea: next time play your level you ass
(23:30 / All) 7.12: dont cry
(23:39 / All) 7.12: and um, youre above me in level
(23:40 / All) 7.12: btw
(23:57 / All) 7.12: im just much, much smarter.
(23:59 / All) manysea: your real level jaskass
(24:06 / All) 7.12: but thanks for the compliment
(24:10 / All) manysea: yeah lol i hjave a phd
(24:16 / All) 7.12: and you spell it "jaskass"?
(24:16 / All) manysea: your a lil kid
(24:19 / All) manysea: ypu
(24:24 / All) manysea: never learned to type
(24:29 / All) manysea: i was busy getting pussy
(24:33 / All) 7.12: mmhm
(24:51 / All) 7.12: its funny because im actually a phd candidate but irony counts for nothing online :\
(25:06 / All) manysea: oh yeah, how many people do you need in a committee./
(25:09 / All) 7.12: 5
(25:10 / All) 7.12: at mine
(25:12 / All) manysea: nope
(25:14 / All) manysea: it varies
(25:19 / All) 7.12: it can vary by institution
(25:22 / All) 7.12: which is why i said "at mine"
(25:24 / All) manysea: dept moron
(25:34 / All) 7.12: no youre just looking for an error
(25:41 / All) manysea: yup
(25:42 / All) 7.12: dont get so worked up over a loss in a video gme..
(25:43 / All) 7.12: game
(25:57 / All) manysea: your the moron playing at a low level bc you cant beat people your level
(26:02 / All) 7.12: why do you assume that
(26:04 / All) 7.12: because i beat you?
(26:06 / All) manysea: less
(26:14 / All) manysea: easiest hero in game
(26:20 / All) 7.12: i actually prefer human
(26:26 / All) manysea: cuz your gay
(26:30 / All) 7.12: but dont choose an ineffective hero and cry about it...
(26:44 / All) manysea: it iused to work
(26:49 / All) manysea: until they nerfed flamestrike
(26:53 / All) 7.12: they didnt nerf it
(26:56 / All) 7.12: check the patch notes
(27:01 / All) manysea: its les effecitve
(27:02 / All) 7.12: but again, dont make excuses if you cant handle
(27:04 / All) manysea: so they nerfed it
(27:12 / All) 7.12: you never actually used it
(27:13 / All) manysea: ill make all the excuses i want
(27:16 / All) manysea: thata life
(27:24 / All) 7.12: you just broke the casting animation :\
(27:30 / All) 7.12: i tried to help you
(27:35 / All) manysea: well thanks
(27:40 / All) manysea: thats gay tho
(27:47 / All) 7.12: no its your own fault
(27:50 / All) manysea: nah
(27:51 / All) 7.12: and your sexuality is not my concern
(27:55 / All) manysea: lol
(27:59 / All) manysea: yours shud be
(28:15 / All) 7.12: concerned every day...
(28:18 / All) 7.12: :'(
(28:24 / All) manysea: too bad
(28:28 / All) manysea: you dont work hard enuff
(28:40 / All) manysea: casting animation...
(28:41 / All) manysea: thats bs
(28:42 / All) 7.12: no shit im playin wc3 on a sunday
(28:43 / All) 7.12: lmao
(29:16 / All) manysea: well your boring me now
(29:18 / All) manysea: bye
(29:19 / All) 7.12: leave